 Dungeon Crawl Stone Soup version 0.28-a0-941-g140ffa10cf (webtiles) character file.

Game seed: 17407871424154126074

191 Ijustatesigmund the Charlatan (level 5, -1/41 HPs)
             Began as a Gnoll Artificer on Nov 26, 2021.
             Killed from afar by an orc wizard (2 damage)
             ... with a puff of flame
             ... on level 4 of the Dungeon on Nov 29, 2021.
             The game lasted 00:08:56 (3495 turns).

Ijustatesigmund the Charlatan (Gnoll Artificer)     Turns: 3495, Time: 00:08:57

Health: -1/41      AC:  7    Str: 11    XL:     5   Next: 70%
Magic:  7/7        EV: 11    Int: 11    God:
Gold:   148        SH:  0    Dex: 13    Spells: 7/7 levels left

rFire   . . .      SeeInvis .   a - +1 broad axe (vamp)
rCold   . . .      Faith    .   (no shield)
rNeg    + . .      Spirit   .   b - +1 ring mail
rPois   .          Reflect  .   (no helmet)
rElec   .          Harm     .   (no cloak)
rCorr   +          Rampage  .   (no gloves)
Will    .....                   (no boots)
Stlth   ..........              (no amulet)
HPRegen 0.13/turn               p - ring of positive energy
MPRegen 0.10/turn               k - ring of resist corrosion

@: confused
A: fangs 1, strong nose, distributed training
a: no special abilities


You were on level 4 of the Dungeon.
You visited 1 branch of the dungeon, and saw 4 of its levels.

You collected 148 gold pieces.

Inventory:

Hand Weapons
 a - a +1 vampiric broad axe (weapon)
 n - a +0 flail of holy wrath
Missiles
 i - a throwing net
Armour
 b - a +1 ring mail (worn)
Jewellery
 k - a ring of resist corrosion (right hand)
 m - an amulet of magic regeneration
 p - a ring of positive energy (left hand)
Wands
 c - a wand of flame (6) (quivered)
 d - a wand of charming (14)
Scrolls
 j - a scroll of magic mapping
 l - a scroll of enchant armour
 q - a scroll of teleportation
Potions
 g - 2 potions of haste
 o - 2 potions of attraction
Miscellaneous
 e - a piece from Xom's chessboard (15/15)


   Skills:
 + Level 3.0 Fighting
 + Level 1.6 Short Blades
 + Level 1.6 Long Blades
 + Level 1.6 Axes
 + Level 1.6 Maces & Flails
 + Level 1.6 Polearms
 + Level 1.6 Staves
 + Level 1.6 Slings
 + Level 1.6 Bows
 + Level 1.6 Crossbows
 + Level 1.6 Throwing
 + Level 4.8 Armour
 + Level 3.0 Dodging
 + Level 2.8 Stealth
 + Level 1.6 Shields
 + Level 1.6 Unarmed Combat
 + Level 1.6 Spellcasting
 + Level 1.2 Conjurations
 + Level 1.2 Hexes
 + Level 1.2 Summonings
 + Level 1.2 Necromancy
 + Level 1.2 Translocations
 + Level 1.2 Transmutations
 + Level 1.2 Fire Magic
 + Level 1.2 Ice Magic
 + Level 1.2 Air Magic
 + Level 1.2 Earth Magic
 + Level 1.2 Poison Magic
 + Level 1.8 Invocations
 + Level 6.7 Evocations


You had 7 spell levels left.
You didn't know any spells.
Your spell library contained the following spells:

 Spells                   Type           Power      Damage    Failure   Level
 Ozocubu's Armour         Ice            3%         N/A       75%         3
 Animate Dead             Necr           1%         N/A       98%         4
 Borgnjor's Vile Clutch   Necr/Erth      1%         N/A       100%        5
 Metabolic Englaciation   Hex/Ice        1%         N/A       100%        5
 Death Channel            Necr           1%         N/A       100%        6
 Simulacrum               Ice/Necr       1%         N/A       100%        6


Dungeon Overview and Level Annotations

Branches:
Dungeon (4/15)
 Temple: D:4-7

Altars:
Gozag
Nemelex Xobeh


Innate Abilities, Weirdness & Mutations

You have very sharp teeth.
Your uncanny sense of smell can sniff out nearby items.
Your experience applies equally to all skills.


Message History

a +0 flail; a +0 leather armour You completely miss the orc wizard.
You bite the orc wizard, but do no damage.
The orc wizard is severely wounded.
The orc wizard misses you.
You barely miss the orc wizard.
The orc wizard is severely wounded.
The orc wizard hits you but does no damage.
You barely miss the orc wizard.
The orc wizard is severely wounded.
The orc wizard casts a spell.
The orc wizard flickers and vanishes!
Deactivating autopickup; reactivate with Ctrl-A.
You completely miss something.
Your extra speed is starting to run out.
You hear some strange, mumbled words.
You are confused.
You miss something. Something hits you but does no damage.
Okay, then.
You closely miss something. You hit something but do no damage.
You bite something.
You hear some strange, mumbled words.
You are more confused.
You barely miss something. Your bite misses something. Something hits you.
* * * LOW HITPOINT WARNING * * *
You completely miss something. Your bite misses something.
Something hits you but does no damage.
You feel yourself slow down. Something hits you.
* * * LOW HITPOINT WARNING * * *
Things that are here:
a +0 flail; a +0 leather armour Something hits you.
* * * LOW HITPOINT WARNING * * *
Something hits you but does no damage.
You're too confused to move!
Something hits you but does no damage.
You hear some strange, mumbled words.
A puff of flame appears from out of thin air!
The puff of flame hits you.
You die...

. ########### .#########
###....)....#
.........#####..@{..)....#
#........##....#.........#
#........#..####..(......#
#..........## ####!.#####
(........### #.##
.......<.# ..# .........#
.## .........# #
....>...)#


There were no monsters in sight!

Vanquished Creatures
  An orc priest (D:4)
  Robin (D:3)
  4 adders (D:3)
  2 worms
  3 dart slugs
  9 orcs
  5 ball pythons
  3 endoplasms
  2 giant cockroaches
  13 goblins
  6 hobgoblins
  3 quokkas
  2 bats
  2 frilled lizards
  4 kobolds
  2 rats
62 creatures vanquished.

Vanquished Creatures (collateral kills)
  A jelly (D:3)
  An endoplasm (D:3)
  A hobgoblin (D:3)
3 creatures vanquished.

Vanquished Creatures (others)
  A goblin (D:3)
1 creature vanquished.

Grand Total: 66 creatures vanquished

Notes
Turn   | Place    | Note
-------+----------+-------------------------------------------
     0 | D:1      | Ijustatesigmund the Gnoll Artificer began the quest for the
                  | Orb.
     0 | D:1      | Reached XP level 1. HP: 17/17 MP: 1/1
   203 | D:1      | Reached XP level 2. HP: 23/23 MP: 2/2
  1192 | D:2      | Reached XP level 3. HP: 28/28 MP: 3/3
  1714 | D:2      | Found a faded altar of an unknown god.
  1787 | D:3      | Reached skill level 1 in Invocations
  1871 | D:3      | Upgraded the game from 0.28-a0-925-gd5e1996cdb to
                  | 0.28-a0-941-g140ffa10cf
  1896 | D:3      | Reached skill level 1 in Short Blades
  1896 | D:3      | Reached skill level 1 in Long Blades
  1896 | D:3      | Reached skill level 1 in Axes
  1896 | D:3      | Reached skill level 1 in Maces & Flails
  1896 | D:3      | Reached skill level 1 in Polearms
  1896 | D:3      | Reached skill level 1 in Staves
  1896 | D:3      | Reached skill level 1 in Slings
  1896 | D:3      | Reached skill level 1 in Bows
  1896 | D:3      | Reached skill level 1 in Crossbows
  1896 | D:3      | Reached skill level 1 in Throwing
  1896 | D:3      | Reached skill level 1 in Shields
  1896 | D:3      | Reached skill level 1 in Unarmed Combat
  1896 | D:3      | Reached skill level 1 in Spellcasting
  2420 | D:4      | Reached XP level 4. HP: 26/34 MP: 5/5
  2786 | D:3      | Reached skill level 1 in Conjurations
  2786 | D:3      | Reached skill level 1 in Hexes
  2786 | D:3      | Reached skill level 1 in Summonings
  2786 | D:3      | Reached skill level 1 in Necromancy
  2786 | D:3      | Reached skill level 1 in Translocations
  2786 | D:3      | Reached skill level 1 in Transmutations
  2786 | D:3      | Reached skill level 1 in Fire Magic
  2786 | D:3      | Reached skill level 1 in Ice Magic
  2786 | D:3      | Reached skill level 1 in Air Magic
  2786 | D:3      | Reached skill level 1 in Earth Magic
  2786 | D:3      | Reached skill level 1 in Poison Magic
  2807 | D:3      | Identified a scroll of acquirement
  2807 | D:3      | Acquired a +1 vampiric broad axe
  2942 | D:3      | Noticed Robin
  2949 | D:3      | Killed Robin
  2950 | D:3      | Reached XP level 5. HP: 40/40 MP: 5/7
  3216 | D:4      | Found an opulent altar of Gozag.
  3216 | D:4      | Found a sparkling altar of Nemelex Xobeh.
  3491 | D:4      | HP: 1/41 [something (3)]
  3495 | D:4      | Killed from afar by an orc wizard

Illustrated notes

Levels and vault maps discovered:
D:1:      dpeg_arrival_oval, layout_rooms
D:2:      layout_loops_ring, chequers_ecumenical_altar_lobes
D:3:      layout_rooms, uniq_robin
D:4:      cheibrodos_barr_body, layout_rooms, grunt_temple_overflow_opulence,
          serial_shops, shop, kennysheep_dice

Skill      XL: |  1  2  3  4  5 |
---------------+----------------+-----
Invocations    | 1 |  1.8
Short Blades   | 1 |  1.6
Long Blades    | 1 |  1.6
Axes           | 1 |  1.6
Maces & Flails | 1 |  1.6
Polearms       | 1 |  1.6
Staves         | 1 |  1.6
Slings         | 1 |  1.6
Bows           | 1 |  1.6
Crossbows      | 1 |  1.6
Throwing       | 1 |  1.6
Shields        | 1 |  1.6
Unarmed Combat | 1 |  1.6
Spellcasting   | 1 |  1.6
Conjurations   | 1 |  1.2
Hexes          | 1 |  1.2
Summonings     | 1 |  1.2
Necromancy     | 1 |  1.2
Translocations | 1 |  1.2
Transmutations | 1 |  1.2
Fire Magic     | 1 |  1.2
Ice Magic      | 1 |  1.2
Air Magic      | 1 |  1.2
Earth Magic    | 1 |  1.2
Poison Magic   | 1 |  1.2
Fighting       | 3 |  3.0
Dodging        | 3 |  3.0
Armour         | |  4.8
Stealth        | |  2.8
Evocations     | |  6.7

Action                   |  1- 3 |  4- 6 || total
-------------------------+-------+-------++-------
Melee: Club              |    42 |       ||    42
       Bite              |    14 |     8 ||    22
       Spear             |    72 |     9 ||    81
       Broad axe         |       |    96 ||    96
Evoke: Wand              |     7 |     3 ||    10
  Use: Scroll            |     8 |     5 ||    13
       Potion            |       |     2 ||     2
 Stab: Sleeping          |     8 |     1 ||     9
Armor: Leather armour    |    17 |       ||    17
       Ring mail         |       |    50 ||    50
Dodge: Dodged            |    56 |    69 ||   125

Table legend: (Time is in decaauts)
 A = Elapsed time spent in this place.
 B = Non-inter-level travel time spent in this place.
 C = Inter-level travel time spent in this place.
 D = Time resting spent in this place.
 E = Time spent auto-exploring this place.
 F = Levels seen in this place.
 G = Mean time per level.
                   A        B        C        D        E       F      G
               +--------+--------+--------+--------+--------+-----+--------+
         Total |   3548 |   3480 |     68 |   1013 |   1823 |   4 |  887.0 |
       Dungeon |   3548 |   3480 |     68 |   1013 |   1823 |   4 |  887.0 |
               +--------+--------+--------+--------+--------+-----+--------+

Top non-repeatable levels by time:
     D:2: 1322 daAuts
     D:3: 1018 daAuts
     D:1: 611 daAuts
     D:4: 595 daAuts
